 Dungeon Crawl Stone Soup version 0.31.0-11-ge490571c62 (webtiles) character file.

Game seed: 7432669507313856698

25834 hawla the Tortoise (level 12, -1/144 HPs)
             Began as a Minotaur Fighter on Feb 1, 2024.
             Was an Elder of Makhleb.
             Slain by a manticore (9 damage)
             ... on level 13 of the Dungeon on Feb 2, 2024.
             The game lasted 00:34:34 (12976 turns).

hawla the Tortoise (Minotaur Fighter)              Turns: 12976, Time: 00:34:34

Health: -1/144     AC: 26    Str: 25    XL:     12   Next: 93%
Magic:  0/15       EV:  2    Int:  5    God:    Makhleb [****..]
Gold:   1016       SH:  0    Dex: 11    Spells: 11/11 levels left

rFire   . . .        a - +1 war axe (venom)
rCold   . . .        (no shield)
rNeg    . . .        H - melded +1 chain mail of Eternal Night {Will+++ rCorr Str-4 SInv}
rPois   +            u - melded +2 hat
rElec   .            v - melded +1 cloak "Murhoini" {Will+ Dex+4}
rCorr   .            l - melded +0 pair of gloves of Elitism {rElec rCorr MP+9 Int+3}
SInv    .            n - melded +2 pair of boots
Will    .....        o - amulet of guardian spirit
Stlth   +            K - ring of wizardry
HPRegen 0.44/turn    (no ring)
MPRegen 0.14/turn

%: guardian spirit, wizardry (x1)
@: confused, brilliant, tree-form, ambrosia-drunk, attractive
A: stationary, stasis, torment immunity, boosted hp, (horns 2), (retaliatory
headbutt), subdued magic 1
a: Renounce Religion, Minor Destruction, Lesser Servant of Makhleb, Major
Destruction


You were on level 13 of the Dungeon.
You worshipped Makhleb.
Makhleb was greatly pleased with you.
You were a tree.
You visited 2 branches of the dungeon, and saw 14 of its levels.

You collected 1016 gold pieces.

Inventory:

Hand Weapons
 a - a +1 war axe of venom (weapon)
 t - a +2 battleaxe of flaming
Missiles
 e - 14 poisoned darts (quivered)
 J - a curare-tipped dart
Armour
 c - a +2 buckler
 l - the +0 pair of gloves of Elitism (melded) {rElec rCorr MP+9 Int+3}
   (You acquired it on level 9 of the Dungeon)

   Int+3:     It affects your intelligence (+3).
   rElec:     It insulates you from electricity.
   MP+9:      It affects your magic capacity (+9).
   rCorr:     It protects you from acid and corrosion.
 n - a +2 pair of boots (melded)
 u - a +2 hat (melded)
 v - the +1 cloak "Murhoini" (melded) {Will+ Dex+4}
   (You found it on level 10 of the Dungeon)

   Dex+4:     It affects your dexterity (+4).
   Will+:     It increases your willpower.
 H - the +1 chain mail of Eternal Night (melded) {Will+++ rCorr Str-4 SInv}
   (You took it off a wight on level 8 of the Dungeon)

   Str-4:     It affects your strength (-4).
   Will+++:   It greatly increases your willpower.
   SInv:      It lets you see invisible.
   rCorr:     It protects you from acid and corrosion.
 M - the +0 leather armour of the Gusle {rPois rN+++ Dex-3 SInv}
   (You took it off an orc on level 8 of the Dungeon)

   Dex-3:     It affects your dexterity (-3).
   rPois:     It protects you from poison rN+++: It renders you almost immune to
   negative energy.
   SInv:      It lets you see invisible.
Jewellery
 f - a ring of fire
 h - an amulet of faith
 o - an amulet of guardian spirit (around neck)
 K - a ring of wizardry (left branch)
Wands
 k - a wand of digging (6)
 r - a wand of roots (25)
 x - a wand of mindburst (12)
 C - a wand of paralysis (16)
 L - a wand of polymorph (6)
 N - a wand of flame (22)
Scrolls
 b - 4 scrolls of fog
 m - 3 scrolls of revelation
 D - 2 scrolls of immolation
 F - a scroll of amnesia
Potions
 d - a potion of might
 g - 2 potions of haste
 j - a potion of enlightenment
 p - a potion of attraction
 q - 3 potions of lignification
 A - 2 potions of brilliance
 B - a potion of magic {unknown}
 E - a potion of ambrosia


   Skills:
 - Level 6.0 Fighting
 - Level 16.0 Axes
 + Level 17.7 Armour
 - Level 5.0 Dodging
 - Level 5.0 Shields
 - Level 1.0 Translocations
 - Level 6.0 Invocations


You had 11 spell levels left.
You didn't know any spells.
Your spell library contained the following spells:

 Spells                   Type           Power      Damage    Failure   Level
 Magic Dart               Conj           0%         1d3       19%         1
 Slow                     Hex            0%         N/A       19%         1
 Blink                    Tloc           2%         N/A       19%         2
 Lesser Beckoning         Tloc           2%         N/A       19%         2
 Call Imp                 Summ           0%         N/A       28%         2
 Scorch                   Fire           0%         2d5       28%         2
 Static Discharge         Conj/Air       0%         3-3/arc   28%         2
 Gell's Gravitas          Tloc           1%         N/A       34%         3
 Teleport Other           Tloc           1%         N/A       34%         3
 Confusing Touch          Hex            0%         N/A       47%         3
 Sigil of Binding         Hex            0%         N/A       47%         3
 Summon Ice Beast         Ice/Summ       0%         N/A       47%         3
 Vampiric Draining        Necr           0%         2d6       47%         3
 Summon Mana Viper        Hex/Summ       0%         N/A       99%         5
 Monstrous Menagerie      Summ           0%         N/A       100%        7


Dungeon Overview and Level Annotations

Branches:
Dungeon (13/15)            Temple (1/1) D:7            Lair (0/5) D:9
    Orc (0/2) D:11
 Vaults: D:13-14

Altars:
Ashenzari
Cheibriados
Dithmenos
Elyvilon
Fedhas
Gozag
Hepliaklqana
Kikubaaqudgha
Makhleb
Nemelex Xobeh
Okawaru
Qazlal
Ru
Sif Muna
Trog
Uskayaw
Vehumet
Wu Jian
Xom
Yredelemnul
Zin
The Shining One

Shops:
D:11 ([   D:13 =


Innate Abilities, Weirdness & Mutations

You are a tree.
Your roots penetrate the ground, keeping you stationary.
You cannot be teleported.
You are immune to unholy pain and torment.
Your maximum health is greatly increased.
Your equipment is partially melded.
((You have a pair of horns on your head.))
((You reflexively headbutt those who attack you in melee.))
Your spells are a little easier to cast, but a little less powerful.


Message History

The centaur warrior looks as sick as possible!
The centaur warrior is engulfed in poison gas.
The centaur warrior looks as sick as possible!
The centaur warrior hits you but does no damage.
The centaur warrior kicks you but does no damage.
The manticore bites you but does no damage.
The manticore claws you.
* * * LOW HITPOINT WARNING * * *
The manticore claws you but does no damage.
The acid dragon bites you.
* * * LOW HITPOINT WARNING * * *
The acid dragon claws you but does no damage.
The centaur warrior is engulfed in poison gas.
The centaur warrior looks as sick as possible!
You slash the centaur warrior!
You kill the centaur warrior!
Makhleb accepts your kill.
You barely miss the manticore. You slash the acid dragon!
The centaur warrior looks as sick as possible!
The manticore bites you but does no damage.
The manticore claws you but does no damage. x2
The tengu conjurer gestures wildly while chanting.
The tengu conjurer conjures a globe of magical energy!
The acid dragon spits acid at you. The splash of acid hits you!!
* * * LOW HITPOINT WARNING * * *
You hear a shout!
A battlesphere comes into view.
It was a potion of ambrosia.
You are confused.
You feel invigorated.
A centaur warrior comes into view.
The ettin is engulfed in poison gas.
The ettin is poisoned.
The ettin hits you with a +0 dire flail!
* * * LOW HITPOINT WARNING * * *
The ettin hits you with a +0 dire flail.
* * * LOW HITPOINT WARNING * * *
The centaur warrior is engulfed in poison gas.
The centaur warrior is poisoned.
The manticore bites you!
You die... #.. #.# ..##. ......... #D..#☼# ..# .#.......⌠. #...#c# ..# .'......... #'###.# ##.# ##8....*.. #.. .§§ .....zQl. #+# #☼. #:...Ccc #§§ #+### ### ###§# #§D###*#8###8###8#z# #§H♣CcTzQl....cCc)T.

#.######8###8###8### §' ###
### ### # #.#############
#.zz.z........#
......zz##~#####.#
........#≈≈≈## #.############
........≈≈≈≈≈≈##.............
........~≈≈≈≈≈~....[.###~~##.


You could see an ettin (poisoned), 2 centaur warriors, a manticore (extremely
poisoned), a troll, a basilisk, a tengu conjurer, an acid dragon (very poisoned,
catching breath), a laughing skull and a battlesphere (distracted).

Vanquished Creatures
  2 boulder beetles
  4 centaur warriors
  A catoblepas (D:13)
  3 two-headed ogres
  2 tengu warriors
  A deep elf pyromancer (D:12)
  Pikel (D:9)
  3 ugly things
  2 cyclopes (D:11)
  Joseph (D:7)
  A kobold demonologist (D:13)
  An unseen horror (D:12)
  A rime drake (D:9)
  3 komodo dragons
  2 tengu conjurers
  4 trolls
  The ghost of awry the Chopper, an amateur MiBe of Trog (D:3)
  A polar bear (D:9)
  Sigmund (D:5)
  7 slime creatures
  11 yaks
  A shadow (D:11)
  A water elemental (D:13)
  A spriggan (shapeshifter) (D:13)
  A wraith (D:12)
  3 wyverns
  3 unseen horror simulacra (D:9)
  3 steam dragons
  Grum (D:10)
  2 vampire mosquitoes (D:11)
  Menkaure (D:4)
  3 water moccasins
  2 acid dragons
  7 orc warriors
  8 ice beasts
  3 sky beasts
  2 black bears
  2 ogres
  5 centaurs
  5 wolves
  2 lemures (D:9)
  3 phantoms
  4 kobold brigands
  Blork the orc (D:6)
  5 bullfrogs
  A gnoll sergeant (D:9)
  4 scorpions
  14 wights
  7 killer bees
  7 howler monkeys
  2 electric eels (D:13)
  3 bombardier beetles
  2 gnoll boudas
  8 hounds
  3 jellies
  4 orc priests
  4 iguanas
  Ijyb (D:4)
  3 sleepcaps
  11 orc wizards
  16 gnolls
  10 adders
  A white imp (D:9)
  A howler monkey simulacrum (D:9)
  3 ufetubi
  5 dart slugs
  36 orcs
  5 endoplasms
  2 giant cockroaches
  8 goblins
  5 hobgoblins
  11 jackals
  8 kobolds
  2 quokkas
  6 ball pythons
  11 bats
  2 frilled lizards
  6 rats
334 creatures vanquished.

Vanquished Creatures (others)
  An unseen horror (D:13)
1 creature vanquished.

Grand Total: 335 creatures vanquished

Notes
Turn   | Place    | Note
-------+----------+-------------------------------------------
     0 | D:1      | hawla the Minotaur Fighter began the quest for the Orb.
     0 | D:1      | Reached XP level 1. HP: 19/19 MP: 0/0
    97 | D:1      | Reached XP level 2. HP: 27/27 MP: 1/1
   325 | D:1      | Reached XP level 3. HP: 29/33 MP: 2/2
  1084 | D:2      | Reached skill level 5 in Axes
  1402 | D:3      | Reached XP level 4. HP: 39/40 MP: 3/3
  1431 | D:3      | Noticed a black bear
  1437 | D:3      | Killed a black bear
  1438 | D:3      | Reached XP level 5. HP: 39/46 MP: 4/4
  1489 | D:3      | Reached XP level 6. HP: 34/52 MP: 3/5
  1552 | D:3      | Found a faded altar of an unknown god.
  1620 | D:3      | Found a large runed translucent door.
  1621 | D:3      | Found a large runed translucent door.
  1625 | D:3      | Noticed awry's ghost (amateur MiBe)
  2306 | D:4      | Noticed Ijyb
  2323 | D:4      | Killed Ijyb
  2324 | D:4      | Reached XP level 7. HP: 32/58 MP: 1/6
  2634 | D:4      | Noticed Menkaure
  2647 | D:4      | Killed Menkaure
  2648 | D:4      | Reached skill level 10 in Axes
  2679 | D:4      | Found a transporter.
  2756 | D:4      | Found a transporter.
  2759 | D:4      | Noticed a steam dragon
  2764 | D:4      | Found a glowing golden altar of the Shining One.
  2764 | D:4      | Found a bloodstained altar of Trog.
  2764 | D:4      | Found a blossoming altar of Fedhas.
  3116 | D:3      | Killed awry's ghost
  3215 | D:5      | Entered Level 5 of the Dungeon
  3275 | D:4      | Reached XP level 8. HP: 58/66 MP: 7/7
  4117 | D:5      | Noticed Sigmund
  4122 | D:5      | Killed Sigmund
  4436 | D:6      | Noticed Blork the orc
  4445 | D:6      | Killed Blork the orc
  4446 | D:6      | Reached XP level 9. HP: 63/71 MP: 8/8
  4540 | D:6      | Found a basalt altar of Yredelemnul.
  4541 | D:6      | Found a snail-covered altar of Cheibriados.
  5110 | D:7      | Noticed Joseph
  5115 | D:7      | Reached skill level 15 in Axes
  5125 | D:7      | Killed Joseph
  5571 | D:7      | Reached skill level 5 in Shields
  5622 | D:7      | Found a staircase to the Ecumenical Temple.
  5717 | D:7      | Reached skill level 4 in Armour
  5745 | Temple   | Entered the Ecumenical Temple
  5752 | Temple   | Became a worshipper of Makhleb the Destroyer
  5801 | D:7      | Found a hazy altar of Hepliaklqana.
  5871 | D:7      | Reached skill level 5 in Armour
  6436 | D:8      | Reached XP level 10. HP: 73/78 MP: 7/9
  6440 | D:8      | Reached skill level 6 in Armour
  6562 | D:8      | Reached skill level 7 in Armour
  6585 | D:8      | Noticed a centaur warrior
  6595 | D:8      | Killed a centaur warrior
  6596 | D:8      | Reached skill level 8 in Armour
  6815 | D:8      | Reached skill level 9 in Armour
  6875 | D:8      | Got Quotidian Wizardry
  6909 | D:8      | Identified the +0 leather armour of the Gusle {rPois rN+++
                  | Dex-3 SInv}
  6996 | D:8      | Reached skill level 10 in Armour
  6997 | D:8      | Identified the +1 chain mail of Eternal Night {Will+++
                  | rCorr Str-4 SInv}
  7162 | D:8      | Reached * piety under Makhleb
  7212 | D:8      | Reached skill level 11 in Armour
  7250 | D:8      | Noticed a centaur warrior
  7260 | D:8      | Killed a centaur warrior
  7264 | D:8      | Reached skill level 12 in Armour
  7326 | D:8      | Reached XP level 11. HP: 42/83 MP: 4/10
  7497 | D:8      | Noticed a two-headed ogre
  7502 | D:8      | Killed a two-headed ogre
  7639 | D:8      | Reached skill level 13 in Armour
  8237 | D:9      | Noticed Pikel
  8243 | D:9      | Reached ** piety under Makhleb
  8254 | D:9      | Killed Pikel
  8255 | D:9      | Reached skill level 14 in Armour
  8397 | D:9      | Reached skill level 1 in Invocations
  8901 | D:9      | Found a staircase to the Lair.
  9538 | D:9      | Identified a scroll of acquirement
  9538 | D:9      | Acquired the +0 pair of gloves of Elitism {rElec rCorr MP+9
                  | Int+3}
  9642 | D:10     | Entered Level 10 of the Dungeon
  9642 | D:10     | Noticed Grum
  9647 | D:10     | Reached *** piety under Makhleb
  9659 | D:10     | Killed Grum
  9660 | D:10     | Reached skill level 5 in Invocations
  9717 | D:10     | Identified the +1 cloak "Murhoini" {Will+ Dex+4}
  9989 | D:10     | Reached skill level 5 in Fighting
 10022 | D:10     | Found a sacrificial altar of Ru.
 10303 | D:11     | Found Nuduotes's Weapon Emporium.
 10305 | D:11     | Found a staircase to the Orcish Mines.
 10307 | D:11     | Found Atyg's Armour Emporium.
 10316 | D:11     | Reached skill level 1 in Dodging
 10382 | D:11     | Identified the +0 leather armour "Unyt" {rC++ Will+}
 10542 | D:11     | Reached XP level 12. HP: 96/96 MP: 15/15
 10598 | D:11     | Noticed a centaur warrior
 10608 | D:11     | Killed a centaur warrior
 10608 | D:11     | Reached **** piety under Makhleb
 10614 | D:11     | Reached skill level 5 in Dodging
 11256 | D:12     | Noticed a boulder beetle
 11276 | D:12     | Killed a boulder beetle
 11503 | D:12     | Noticed a two-headed ogre
 11511 | D:12     | Killed a two-headed ogre
 11512 | D:12     | Reached skill level 15 in Armour
 11641 | D:12     | Noticed a tengu warrior
 11664 | D:12     | Killed a tengu warrior
 11665 | D:12     | Reached skill level 16 in Armour
 12020 | D:13     | Reached skill level 1 in Translocations
 12144 | D:13     | Noticed a two-headed ogre
 12156 | D:13     | Killed a two-headed ogre
 12251 | D:13     | Noticed a centaur warrior
 12317 | D:13     | Found Biras's Jewellery Shop.
 12401 | D:13     | Noticed an eight-headed hydra
 12425 | D:13     | HP: 4/96 [red ugly thing (18)]
 12894 | D:13     | Noticed a tengu warrior
 12894 | D:13     | Noticed a boulder beetle
 12894 | D:13     | Noticed a centaur warrior
 12895 | D:13     | Noticed a catoblepas
 12895 | D:13     | Noticed an ettin
 12904 | D:13     | Killed a boulder beetle
 12905 | D:13     | Reached skill level 17 in Armour
 12920 | D:13     | Killed a tengu warrior
 12945 | D:13     | Killed a catoblepas
 12965 | D:13     | Gained mutation: Your spells are a little easier to cast,
                  | but a little less powerful. [potion of mutation]
 12975 | D:13     | Killed a centaur warrior
 12976 | D:13     | Noticed a centaur warrior
 12976 | D:13     | Slain by a manticore

Illustrated notes

Levels and vault maps discovered:
D:1:      dpeg_chamrin_arrival_tetris, layout_loops_ring, minmay_box_of_dots
D:2:      layout_loops_cross
D:3:      layout_loops_ring, dreamdust_ecumenical_altar_statues,
          ebering_ghost_disaster_area
D:4:      layout_rooms, gammafunk_temple_overflow_arena, uniq_menkaure,
          uniq_ijyb
D:5:      layout_loops_corners, bh_walls_and_bars, uniq_sigmund
D:6:      layout_cave_pools, chequers_temple_overflow_statue_of_worship,
          uniq_blork_the_orc
D:7:      layout_basic, mainiacjoe_overflow_cross_hatched,
          minmay_temple_entry_purple_smoke, uniq_joseph
D:8:      nzn_winding_woodlands_cross [nzn_winding_woodlands_5x15_split_checker,
          nzn_winding_woodlands_5x15_twine, nzn_winding_woodlands_5x15_crooked,
          nzn_winding_woodlands_5x15_cabin,
          nzn_winding_woodlands_15x15_five_gardens], layout_loops_ring,
          kennysheep_generic_room_2
D:9:      layout_stronghold, hellmonk_lair_entry_icy, serial_ice, serial_ice_o,
          serial_ice_a, serial_ice_d, serial_ice_f, serial_ice_e, uniq_pikel
D:10:     layout_cave_pools, mainiacjoe_overflow_tiny_flanked, uniq_grum
D:11:     layout_stronghold, orc_david_3, nicolae_the_louvre
D:12:     layout_cave_pools
D:13:     wad_statue_garden, layout_basic, serial_shops, shop,
          dreamdust_looks_like_rain
Temple:   nicolae_temple_superstar

Skill      XL: |  1  2  3  4  5  6  7  8  9 10 11 12 |
---------------+-------------------------------------+-----
Axes           | 3 4 5 6 7 9 11 14 16 | 16.0
Shields        | 5 |  5.0
Armour         | 5 12 14 17 | 17.7
Invocations    | 6 |  6.0
Fighting       | 6 |  6.0
Dodging        | 3 5 |  5.0
Translocations | 1 |  1.0

Action                     |  1- 3 |  4- 6 |  7- 9 | 10-12 || total
---------------------------+-------+-------+-------+-------++-------
  Melee: War axe           |   103 |    82 |   216 |   580 ||   981
         Headbutt          |     8 |    13 |    33 |   147 ||   201
         Battleaxe         |       |       |       |    24 ||    24
  Throw: Dart              |       |       |       |    11 ||    11
  Evoke: Wand              |       |       |     3 |     9 ||    12
    Use: Scroll            |     4 |       |    12 |    16 ||    32
         Potion            |       |     1 |     2 |    10 ||    13
   Stab: Paralysed         |       |       |       |     6 ||     6
         Petrified         |       |       |       |    10 ||    10
 Armour: Scale mail        |    45 |       |       |       ||    45
         Chain mail        |    28 |    74 |   147 |   558 ||   807
         Skin              |       |       |       |    16 ||    16
  Dodge: Dodged            |    48 |    29 |    59 |   216 ||   352
  Block: Buckler           |    26 |     8 |    36 |   163 ||   233
